 Dungeon Crawl Stone Soup version 0.17.1-1-g73c8601 (webtiles) character file.

224 Peloso the Shield-Bearer (level 5, 0/47 HPs)
             Began as a Minotaur Fighter on Dec 11, 2015.
             Slain by a slave (2 damage)
             ... led by Pikel
             ... on level 4 of the Dungeon.
             The game lasted 00:10:16 (2309 turns).

Peloso the Shield-Bearer (Minotaur Fighter)         Turns: 2309, Time: 00:10:16

Health: 0/47       AC:  7    Str: 20    XL:     5   Next: 67%
Magic:  0/4        EV:  8    Int:  5    God:
Gold:   247        SH: 10    Dex: 11    Spells: 0 memorised, 4 levels left

rFire  . . .     SeeInvis .     a - +1 long sword
rCold  . . .     Clarity  .     b - +0 scale mail
rNeg   . . .     SustAt   .     c - +0 shield
rPois  .         Gourm    .     (helmet restricted)
rElec  .         Spirit   +     f - +0 cloak
rCorr  .         Warding  .     (no gloves)
rMut   .         Stasis   .     y - +1 pair of boots
MR     .....                    j - amulet of guardian spirit
Stlth  ..........               p - +4 ring of slaying
                                i - -3 ring of protection (curse)

@: not resistant to hostile enchantments, extremely unstealthy
A: retaliatory headbutt, horns 2
a: no special abilities


You were on level 4 of the Dungeon.
You were hungry.

You visited 1 branch of the dungeon, and saw 4 of its levels.

You collected 247 gold pieces.

Inventory:

Hand Weapons
 a - a +1 long sword (weapon)
Armour
 b - a +0 scale mail (worn)
 c - a +0 shield (worn)
 f - a +0 cloak (worn)
 y - a +1 pair of boots (worn)
Jewellery
 i - a cursed -3 ring of protection (left hand)
 j - an amulet of guardian spirit (around neck)
 p - a +4 ring of slaying (right hand)
 q - an uncursed ring of see invisible
Wands
 n - a wand of slowing (42)
Potions
 d - a potion of might
 h - 4 potions of curing
 l - a potion of invisibility {unknown}
 o - 2 potions of haste
 s - 2 potions of flight {unknown}
 t - a potion of agility {unknown}
 v - a potion of resistance {unknown}
 x - 2 potions of poison {unknown}
Comestibles
 e - 3 bread rations
 g - 9 fruits
 k - a slice of pizza
 m - 3 meat rations
 r - 2 beef jerkies


   Skills:
 + Level 4.7 Fighting
 + Level 3.2 Long Blades
 + Level 5.0 Armour
 + Level 2.1 Dodging
 + Level 0.1 Stealth
 + Level 5.1 Shields


You had 4 spell levels left.
You didn't know any spells.

Dungeon Overview and Level Annotations

Branches:
Dungeon (4/15)
 Temple: D:4-7

Altars:

Annotations:
D:4 Pikel


Innate Abilities, Weirdness & Mutations

You reflexively headbutt those who attack you in melee.
You have a pair of horns on your head.


Message History

The slave hits you!
* * * LOW HITPOINT WARNING * * *
Pikel completely misses you. You block the slave's attack.
You closely miss Pikel. Your headbutt misses Pikel.
Pikel is almost dead.
Pikel hits you but does no damage. You block the slave's attack.
Your shield and scale mail prevent you from hitting Pikel.
You headbutt Pikel, but do no damage.
Pikel is almost dead.
You block Pikel's attack. The slave hits you.
* * * LOW HITPOINT WARNING * * *
Unknown command.
You closely miss Pikel. You headbutt Pikel.
Pikel is almost dead.
Pikel hits you with a whip of freezing.
* * * LOW HITPOINT WARNING * * *
Pikel freezes you.
* * * LOW HITPOINT WARNING * * *
The slave hits you but does no damage. The slave hits you.
You die...

##.......
#...(.... #
###### #........
#
#.#..####........
#
#................
#
###.........p....
# ##..pp##......p
##ppK# #..K...
###@# #..... #.#
##### ##.##
##...# ##....##
##......##
##........#
##......##>#
##.....### ...


You could see Pikel and 4 slaves.

Vanquished Creatures
  Ijyb (D:3)
  A worker ant (D:4)
  An orc wizard (D:3)
  5 adders
  An ooze (D:1)
  2 worms (D:2)
  6 orcs
  11 bats
  7 hobgoblins
  8 jackals
  8 kobolds
  3 giant cockroaches
  6 giant geckos
  4 giant newts
  8 goblins
  19 rats
91 creatures vanquished.

Notes
Turn   | Place    | Note
--------------------------------------------------------------
     0 | D:1      | Peloso the Minotaur Fighter began the quest for the Orb.
     0 | D:1      | Reached XP level 1. HP: 19/19 MP: 0/0
   120 | D:1      | Reached XP level 2. HP: 27/27 MP: 1/1
   181 | D:1      | Reached skill level 4 in Shields
   626 | D:2      | Reached XP level 3. HP: 30/33 MP: 2/2
   902 | D:2      | Reached XP level 4. HP: 36/40 MP: 3/3
   959 | D:2      | Reached skill level 1 in Dodging
  1365 | D:3      | Noticed Ijyb
  1372 | D:3      | Killed Ijyb
  1372 | D:3      | Reached skill level 5 in Shields
  1415 | D:3      | Reached XP level 5. HP: 36/47 MP: 4/4
  2242 | D:4      | Reached skill level 5 in Armour
  2288 | D:4      | Noticed Pikel
  2288 | D:4      | Noticed a slave
  2289 | D:4      | Noticed a slave
  2300 | D:4      | Noticed a slave
  2303 | D:4      | Noticed a slave
  2309 | D:4      | HP: 2/47 [Pikel/whip of freezing (2)]
  2309 | D:4      | Slain by a slave

Action                   |  1- 3 |  4- 6 || total
-------------------------+-------+-------++-------
Melee: Long sword        |    76 |   105 ||   181
  Use: Scroll            |       |     8 ||     8
  Eat: Chunk             |       |     4 ||     4
